 Dungeon Crawl Stone Soup version 0.22-a0-231-g1b571ea (webtiles) character file.

0 Amnesiac the Charlatan (level 1, 0/9 HPs)
             Began as a Spriggan Artificer on Feb 20, 2018.
             Slain by a jackal (1 damage)
             ... on level 2 of the Dungeon.
             The game lasted 00:00:19 (37 turns).

Amnesiac the Charlatan (Spriggan Artificer)           Turns: 37, Time: 00:00:19

Health: 0/9        AC:  2    Str:  8    XL:     1   Next: 0%
Magic:  4/4        EV: 18    Int: 12    God:
Gold:   0          SH:  0    Dex: 14    Spells: 0/0 levels left

rFire    . . .     SeeInvis +   a - +0 short sword
rCold    . . .     Gourm    .   (shield restricted)
rNeg     . . .     Faith    .   b - +0 robe
rPois    .         Spirit   .   (helmet restricted)
rElec    .         Reflect  .   (no cloak)
rCorr    .         Harm     .   (gloves unavailable)
MR       .....                  (boots unavailable)
Stlth    ++........             (no amulet)
HPRegen  0.03/turn              g - -2 ring of dexterity (curse)
MPRegen  0.09/turn              (no ring)

@: very quick
A: very small, unfitting armour, see invisible, herbivore, speed 3, slow
metabolism 2
a: no special abilities


You were on level 2 of the Dungeon.
You were not hungry.

You visited 1 branch of the dungeon, and saw 2 of its levels.

Inventory:

Hand Weapons
 a - a +0 short sword (weapon)
Armour
 b - a +0 robe (worn)
Jewellery
 g - a cursed -2 ring of dexterity (left hand)
Wands
 c - a wand of flame (15)
 d - a wand of enslavement (15)
 e - a wand of random effects (15)
Comestibles
 f - a ration


   Skills:
 - Level 0.7 Fighting
 - Level 1.1 Short Blades
 - Level 3.0 Dodging
 - Level 1.5 Stealth
 + Level 4.0 Evocations


You couldn't memorise any spells.
You didn't know any spells.

Dungeon Overview and Level Annotations

Branches:
Dungeon (2/15)

Altars:
Vehumet


Innate Abilities, Weirdness & Mutations

You are very small and have problems with some larger weapons.
You are too small for most types of armour.
You have supernaturally acute eyesight. (SInv)
You are a herbivore.
You cover ground extremely quickly.
You need consume almost no food.


Message History

Welcome, Amnesiac the Spriggan Artificer.
It is said that the Orb of Zot exists deep within this dungeon.
Press ? for a list of commands and other information.
Found an ivory ring.
Found a staircase leading out of the dungeon.
g - an ivory ring
There is a staircase leading out of the dungeon here.
You open the door.
Found an escape hatch in the floor.
Put on which piece of jewellery? (? for menu, Esc to quit)
You feel clumsy.
Oops, that ring feels deathly cold.
g - a cursed -2 ring of dexterity (left hand)
There is an open door here.
A dart slug comes into view.
You can't go down here!
The dart slug launches a dart at you. The slug dart hits you!
Ouch! That really hurt!
* * * LOW HITPOINT WARNING * * *
There is a fountain of clear blue water here.
There is an escape hatch in the floor here.
You slide downwards.
The hatch slams shut behind you.
A rat, 3 jackals and a hobgoblin come into view.
The jackal barks!
Found 18 stones.
Found a radiant altar of Vehumet.
The jackal barks!
You hear a bark!
You start resting.
You swing at nothing.
You swing at nothing.
You hit the jackal.
The jackal is heavily wounded.
The jackal bites you.
* * * LOW HITPOINT WARNING * * *
You closely miss the jackal.
The jackal is heavily wounded.
The jackal bites you.
* * * LOW HITPOINT WARNING * * *
The jackal closely misses you.
You hit the jackal but do no damage.
The jackal is heavily wounded.
The jackal misses you.
You barely miss the jackal.
The jackal is heavily wounded.
The jackal barely misses you. The jackal completely misses you.
You barely miss the jackal.
The jackal is heavily wounded.
The jackal bites you.
You die...

###############
#....h.##... gr
#.####.##.# .#
#h# #....# .#
#@# ####.###.##
#.# #......#
..# #......#
#..# #(§.§§.#
#..# #...§..##
.... .....§§§.#
.... #.##..hh§#
....# #.
....h.# #
##.....#


You could see a jackal.

Vanquished Creatures (others)
  A hobgoblin (D:2)
  A jackal (D:2)
2 creatures vanquished.

Notes
Turn   | Place    | Note
-------+----------+-------------------------------------------
     0 | D:1      | Amnesiac the Spriggan Artificer began the quest for the Orb.
     0 | D:1      | Reached XP level 1. HP: 9/9 MP: 4/4
    14 | D:2      | Found a radiant altar of Vehumet.
    37 | D:2      | Slain by a jackal

Vault maps used:
D:1:      minmay_arrival_split_and_join, serial_forest, infiniplex_forest_end_1,
          infiniplex_forest_clump_small, infiniplex_forest_lined_room_2,
          infiniplex_forest_pool, infiniplex_forest_clump_double,
          infiniplex_forest_straight_1, infiniplex_forest_straight_1,
          infiniplex_forest_end_2, minmay_strange_pillars
D:2:      fiery_altar_vehumet, gammafunk_temple_overflow_pools, first_ration

Action                   || total
-------------------------++-------
Melee: Short sword       ||     5
Dodge: Dodged            ||     4

Table legend:
 A = Spawn XP
 B = Non-spawn XP
 C = Spawn XP percentage of total XP
 D = Spawn monster count
 E = Non-spawn monster count
 F = Spawn count percentage of total count
 G = Total turns spent on level
                    A         B        C        D         E        F      G
               +---------+---------+-------+---------+---------+-------+---------
         Total |       0 |       0 |   N/A |       0 |       0 |   N/A |    37
               +---------+---------+-------+---------+---------+-------+---------
               +---------+---------+-------+---------+---------+-------+---------
